[Event "Turkish Championship 2022"]
[Site "Kemer-Antalya"]
[Date "2022.11.25"]
[Round "1.1"]
[White "Yaran, Siar"]
[Black "Yavuz, Efe Metehan"]
[Result "1/2-1/2"]
[ECO "D26"]
[WhiteElo "2291"]
[BlackElo "2256"]
[Annotator "TA"]
[PlyCount "102"]
[EventDate "2022.11.25"]
[EventCountry "TUR"]
[SourceTitle "playchess.com"]
[Source "ChessBase"]
[SourceQuality "1"]
[TimeControl "40/5400+30:1800+30"]

1. d4 d5 2. c4 e6 3. Nc3 Nf6 4. Bg5 dxc4 5. e3 c5 6. Bxc4 cxd4 7. exd4 Be7 8. Nf3 O-O 9. O-O Nc6 10. a3 a6 11. Rc1 b5 {[%emt 0:19:30] D26: Queen's Gambit Accepted: 4 e3 e6 5 Bxc5 c5 sidelines.} 12. d5 exd5 13. Bxd5 Bb7 {[%emt 0:00:25] [#]} 14. Re1 $146 (14. Bxf6 $5 Bxf6 15. Rc2 $11) ({Predecessor:} 14. Bxf6 Bxf6 15. Ne4 Rc8 16. Re1 Ba8 17. b4 h6 18. Qb3 Be7 19. Rcd1 Qb6 20. Ng3 {1-0 (42) Pranjic,M (2089)-Gatto,C (2156) ICCF email 2006}) 14... Nxd5 {[%emt 0:03:28] The position is equal.} 15. Qxd5 {[%emt 0:00:30] [#] Hoping for Bxe7.} Bxg5 16. Nxg5 Qxd5 17. Nxd5 Rad8 18. Rxc6 {[%emt 0:21:00] Ne7+ is the strong threat.} Rxd5 (18... Rfe8 $5 19. Rxe8+ Rxe8 $11) 19. Rc7 Rxg5 20. Rxb7 $11 {[%emt 0:00:00][%mdl 4096] Endgame KRR-KRR} Rg6 21. Re3 Rf6 22. Kf1 g6 23. Rf3 Rxf3 24. gxf3 {[%emt 0:00:30] KR-KR} Rc8 25. Rb6 Rc2 26. b4 Rc3 27. Rxa6 Rxf3 28. Ra5 Kg7 29. Ke2 Rh3 30. Rxb5 {[%emt 0:03:17] [#] Black must now prevent a4.} Rxa3 31. Rc5 h5 32. b5 Rb3 33. Kd2 h4 34. Kc2 Rb4 (34... Rf3 $2 35. b6 Rxf2+ 36. Kb3 $18) 35. Kc3 Rb1 36. Kc4 Rb2 37. h3 Kf6 38. Kd5 Ke7 39. Kc6 {[%emt 0:00:13] And now b6 would win.} Kd8 $1 40. f4 Rb3 {[%emt 0:00:00] Inhibits Rc3.} 41. b6 {[%emt 0:17:01] b7 would kill now.} Kc8 {[%emt 0:01:52] Against b7+} (41... Rxh3 42. Rd5+ Ke7 43. b7 Rc3+ 44. Kb6 h3 45. b8=Q Rb3+ 46. Rb5 Rxb5+ 47. Kxb5) 42. Ra5 Rc3+ (42... Rxh3 $2 43. Ra8#) 43. Kb5 Kb8 44. Ra7 Rb3+ 45. Kc6 Rc3+ 46. Kd5 Rxh3 47. Rxf7 Rg3 48. Rh7 h3 49. Ke4 Kc8 50. Ke5 Kb8 51. Ke4 Kc8 {[%emt 0:00:00] A balanced but interesting game.   Weighted Error Value: White=0.03 (flawless) /Black=0.02 (flawless)} 1/2-1/2

[Event "Turkish Championship 2022"]
[Site "Kemer-Antalya"]
[Date "2022.11.25"]
[Round "1.2"]
[White "Agdelen, Huseyin Can"]
[Black "Koksal, Ege"]
[Result "1/2-1/2"]
[ECO "C43"]
[WhiteElo "2416"]
[BlackElo "2321"]
[Annotator "TA"]
[PlyCount "52"]
[EventDate "2022.11.25"]
[EventCountry "TUR"]
[SourceTitle "playchess.com"]
[Source "ChessBase"]
[SourceQuality "1"]
[TimeControl "40/5400+30:1800+30"]

1. e4 e5 2. Nf3 Nf6 3. d4 Nxe4 4. Bd3 d5 5. Nxe5 Bd6 6. O-O O-O 7. c4 c6 8. Nc3 Nxc3 9. bxc3 Nd7 10. f4 {[%emt 0:07:00] C43: Petroff Defence: 3 d4.} ({Reject} 10. Qh5 g6 11. Qe2 Re8 $15) 10... dxc4 11. Nxc4 Be7 {[%emt 0:03:30] [#]} 12. Qf3 $146 {[%emt 0:14:30] White is better.} ({But not} 12. Qh5 Nf6 13. Qf3 c5 $11) ({Predecessor:} 12. Qc2 h6 13. Kh1 c5 14. Bb2 b6 15. Rad1 Qc7 16. d5 Bf6 17. d6 Qd8 18. Be4 {½-½ (44) Fizer,M (1963)-Straka,S (1732) Kezmarok 2022}) 12... Nf6 13. Ne5 c5 14. Be3 $1 {[%emt 0:06:30] White is much more active. The black rooks are badly placed.} Qd5 15. Qe2 ({White should play} 15. Qf2 $14) 15... cxd4 $11 {[%emt 0:00:29] The position is equal.} 16. cxd4 b6 17. Rac1 Bd6 18. Bc4 Qe4 19. Bd3 Qd5 20. Bc4 Qe4 21. Bd3 $36 {[%emt 0:00:00][%mdl 2048] White has some pressure.} Qd5 22. Bc4 Qe4 23. Bd3 Qd5 24. Bc4 Qe4 25. Bd3 Qd5 26. Bc4 Qe4 {[%emt 0:00:00] Weighted Error Value: White=0.05 (flawless) /Black=0.05 (flawless)} 1/2-1/2

[Event "Turkish Championship 2022"]
[Site "Kemer-Antalya"]
[Date "2022.11.25"]
[Round "1.3"]
[White "Isik, Alparslan"]
[Black "Yilmazyerli, Mert"]
[Result "0-1"]
[ECO "D53"]
[WhiteElo "2463"]
[BlackElo "2534"]
[Annotator "TA"]
[PlyCount "60"]
[EventDate "2022.11.25"]
[EventCountry "TUR"]
[SourceTitle "playchess.com"]
[Source "ChessBase"]
[SourceQuality "1"]
[TimeControl "40/5400+30:1800+30"]

1. d4 Nf6 2. c4 e6 3. Nc3 d5 4. Bg5 Be7 5. e3 O-O 6. Qc2 c5 7. dxc5 {[%emt 0:03:30] D53: Queen's Gambit Declined: 4 Bg5 Be7: Early deviations.} dxc4 8. Bxc4 Qa5 9. Bd3 {[%emt 0:09:30][%cal Od3h7] White wants to play Bxh7+! White has an edge.} h6 10. Bh4 {[%emt 0:05:30] [#]} Nc6 $146 ({Predecessor:} 10... Qxc5 11. Nf3 Nc6 12. a3 Rd8 13. O-O Bd7 14. b4 Qh5 15. Bg3 Rac8 16. Qb3 e5 {0-1 (35) Schreiber,H-Gross,H ICCF corr 1987}) 11. Qa4 {[%emt 0:20:30] Prevents Nb4.} Qxc5 (11... Bxc5 12. Bxf6 gxf6 13. Qg4+ (13. Qe4 f5 $17) 13... Kh8 14. Qh3 $14) 12. Bxf6 Bxf6 13. Ne4 Qe7 14. Nxf6+ Qxf6 15. Qa3 (15. Nf3 $15) 15... Ne5 $17 16. Be2 {[%emt 0:01:30] [#]} (16. Bh7+ $2 Kxh7 17. Ne2 b6 $1 $19) (16. Ne2 $142) 16... Qg6 $1 17. Kf1 Bd7 18. Nf3 {[%emt 0:05:30] [#]} Bc6 $1 19. h4 {[%emt 0:07:07] [#]} (19. Rg1 Qf6) 19... Rfd8 $1 20. Rh3 (20. Qc3 Ng4) 20... Bxf3 {[%emt 0:10:30] Black is much more active. The white rooks are badly placed.} 21. Bxf3 Rd2 ({Black should try} 21... Qf6 $19 22. Re1 Nxf3 23. Rxf3 Qxh4) 22. Kg1 (22. Qc3 $17 {only move.} Qd3+ 23. Qxd3 Nxd3 24. Rd1 Rxd1+ 25. Bxd1) 22... Qc2 $19 23. Rf1 (23. b3 $142) 23... Qxb2 24. Qa5 Nd3 (24... Qxa2 25. Qxe5 Qb2 26. Qa5 $18) 25. Rg3 Rxf2 (25... Rc8 $142 26. a3 Nxf2) 26. Rd1 {[%emt 0:00:24] [#]} Rf8 $1 27. Rxd3 {[%emt 0:03:46] And now Rb3 would win.} Rxf3 $1 {[%emt 0:00:04][%mdl 64] Dancing on a razor blade.} (27... Qxa2 $2 28. Qe5 g6 29. Rd7 $18 (29. Bxb7 $2 {perishes.} Rb2 $19)) 28. Rd8 $2 (28. Rxf3 $17 Qb1+ 29. Kh2 Qxd3 30. Qxa7) 28... Qf2+ {[%emt 0:00:42] Black mates.} 29. Kh1 Rxg3 30. Rxf8+ Kh7 $1 {[%emt 0:00:00] Weighted Error Value: White=0.52/Black=0.11 (very precise)} 0-1

[Event "Turkish Championship 2022"]
[Site "Kemer-Antalya"]
[Date "2022.11.25"]
[Round "1.4"]
[White "Gokbulut, Julia"]
[Black "Kilic, Eray"]
[Result "0-1"]
[ECO "E68"]
[WhiteElo "1912"]
[BlackElo "2437"]
[Annotator "TA"]
[PlyCount "82"]
[EventDate "2022.11.25"]
[EventCountry "TUR"]
[SourceTitle "playchess.com"]
[Source "ChessBase"]
[SourceQuality "1"]
[TimeControl "40/5400+30:1800+30"]

1. d4 Nf6 2. c4 g6 3. Nc3 Bg7 4. g3 O-O 5. Bg2 d6 6. Nf3 Nbd7 7. O-O e5 8. e4 exd4 9. Nxd4 Nc5 10. h3 Re8 11. Re1 Bd7 12. Qc2 {[%emt 0:01:30] E68: King's Indian: Fianchetto: 6...Nbd7 7 0-0 e5 8 e4.} (12. Bf4 $14) 12... Qc8 (12... Nfxe4 {with more complications.} 13. Nxe4 Bxd4 14. Bg5 Qc8) 13. Kh2 {[%emt 0:03:30] [#]} Ng4+ $146 ({Predecessor:} 13... Re5 14. g4 Re8 15. Be3 c6 16. Rad1 Qc7 17. Bf4 h5 18. f3 hxg4 19. hxg4 Nh7 {½-½ (58) Woodward,A (2290)-Chandra,A (2483) Charlotte 2021}) 14. hxg4 {[%emt 0:00:30] Threatens to win with Be3. White is slightly better.} Bxd4 15. f3 Qd8 16. Be3 Be5 {[%emt 0:04:30] Hoping for ...Qh4+.} 17. g5 h6 18. Qd2 (18. b4 $14 Ne6 19. f4) 18... h5 (18... hxg5 $1 $15 {keeps the upper hand.} 19. Bxg5 Bxc3 20. bxc3 f6) 19. Bf4 (19. Nd5 $16) 19... Bc6 20. Rad1 Ne6 21. Nd5 {[%emt 0:02:30] Strongly threatening Bxe5.} Bg7 22. Be3 Bxd5 23. cxd5 Nf8 24. Rc1 Nd7 25. b4 (25. f4 $142) 25... Ne5 $16 26. a4 Qd7 27. Qd1 Re7 28. Bh3 Qe8 29. Bf1 c6 30. dxc6 bxc6 31. Kg2 (31. Qxd6 $2 Nxf3+ 32. Kh3 Nxe1 33. Qxc6 Qxc6 34. Rxc6 Rxe4 $19) 31... Rd8 32. Qc2 d5 33. exd5 (33. Bc5 $16) 33... Rxd5 (33... Ng4 $1 $11 34. fxg4 (34. Bd2 $2 Rxe1 35. Rxe1 Qxe1 $19) 34... Rxe3) 34. Qf2 ({But not} 34. Bc5 Red7 35. Qe4 Rd2+ 36. Re2 Qd8 $11) (34. Bf2 $16) 34... Qd7 35. Rc5 $2 (35. Bc5 $11 Re6 36. Rc2 (36. Bxa7 Rd2 $15)) 35... Nd3 $19 36. Bxd3 Rxd3 37. Rc2 $2 {[%emt 0:00:51] [#] This move loses the game for White.} (37. Bc1 $17) 37... Qe8 $1 ({And not} 37... Bc3 38. Ree2 $17) 38. Rce2 Bc3 $1 39. Bd2 (39. Bc5 Bxe1 40. Rxe7 Qxe7 41. Bxe7 Bxf2 42. Kxf2) 39... Rxe2 {[%emt 0:00:38] Black is clearly winning.} 40. Rxe2 {[%emt 0:00:00] [#]} Qxe2 $3 41. Qxe2 Rxd2 {[%emt 0:00:15] Weighted Error Value: White=0.55/Black=0.19 (very precise)} 0-1

[Event "Turkish Championship 2022"]
[Site "Kemer-Antalya"]
[Date "2022.11.25"]
[Round "1.5"]
[White "Yilmaz, Mustafa"]
[Black "Ozsakallioglu, Okan"]
[Result "1-0"]
[ECO "D45"]
[WhiteElo "2621"]
[BlackElo "2288"]
[Annotator "TA"]
[PlyCount "75"]
[EventDate "2022.11.25"]
[EventCountry "TUR"]
[SourceTitle "playchess.com"]
[Source "ChessBase"]
[SourceQuality "1"]
[TimeControl "40/5400+30:1800+30"]

1. Nf3 d5 2. c4 c6 3. e3 Nf6 4. Nc3 e6 5. d4 a6 6. b3 Bb4 7. Bd2 Nbd7 8. Bd3 O-O 9. O-O {[%emt 0:00:30][%cal Oc3d5] D45: Semi-Slav: 5 e3.} Bd6 10. Qc2 e5 11. cxd5 {[%emt 0:06:30] The position is equal.} cxd5 12. e4 dxe4 13. Nxe4 Nxe4 14. Bxe4 h6 15. Bc3 exd4 {[%emt 0:08:30] [#]} 16. Bh7+ $146 ({Predecessor:} 16. Bxd4 Nf6 17. Bf5 Qa5 18. Nh4 Be5 19. Bxe5 Qxe5 20. Rfe1 Qd4 21. g3 Kh8 22. Rad1 {½-½ (61) L'Ami,E (2642)-Seel,C (2474) Netherlands 2013}) 16... Kh8 17. Bxd4 Nf6 18. Bf5 Qa5 19. Nh4 {[%emt 0:04:30][%cal Bf3h4,Bh4f5,Bf5d6][%mdl 32] Threatens to win with Bxf6.} Be5 20. Bxe5 (20. Bxc8 {feels hotter.} Raxc8 21. Qf5 Rfe8 22. Rae1) 20... Qxe5 21. Rae1 Qa5 22. Qb2 Qb4 23. g3 Bxf5 24. Nxf5 Qg4 25. Nd6 Qd7 26. Rd1 b5 27. Rd4 Qe6 28. Qd2 Ng4 29. Re1 Qg6 30. h3 Nf6 31. Kg2 {[%emt 0:04:31] White has more active pieces.} Ra7 32. Re5 Rc7 {[%emt 0:03:45] [#]} (32... Kh7 $11) 33. Nf5 $1 $36 {[%emt 0:00:33][%mdl 2048] Keeping Black busy.} Ng8 $2 {[%emt 0:00:20] Loses the game.} (33... Re8 $16 {was necessary.} 34. Qe3 (34. Rd8 Kh7 $16) 34... Kh7) 34. Rd6 $18 f6 35. Rxa6 fxe5 $2 (35... Kh7 36. Qd5 Rb8) 36. Rxg6 {[%emt 0:00:30] White is clearly winning.} Rxf5 37. Re6 Rcf7 38. Qe2 {[%emt 0:00:35] Weighted Error Value: White=0.10 (very precise) /Black=0.35} 1-0

[Event "Turkish Championship 2022"]
[Site "Kemer-Antalya"]
[Date "2022.11.26"]
[Round "2.1"]
[White "Yavuz, Efe Metehan"]
[Black "Ozsakallioglu, Okan"]
[Result "1-0"]
[ECO "E04"]
[WhiteElo "2256"]
[BlackElo "2288"]
[Annotator "TA"]
[PlyCount "119"]
[EventDate "2022.11.25"]
[EventCountry "TUR"]
[SourceTitle "playchess.com"]
[Source "ChessBase"]
[SourceQuality "1"]
[TimeControl "40/5400+30:1800+30"]

1. d4 Nf6 2. Nf3 d5 3. c4 e6 4. g3 dxc4 5. Bg2 c5 6. O-O Nc6 7. dxc5 Qxd1 8. Rxd1 Bxc5 9. Nbd2 c3 10. bxc3 O-O 11. Nb3 Be7 12. c4 Bd7 13. Bb2 {[%emt 0:00:30] E04: Open Catalan: 5 Nf3.} Rfd8 {[%emt 0:05:30] 13...Rfc8 is the hot move.} 14. Nfd4 Rac8 15. Nb5 {[%emt 0:15:30] The position is equal.} Be8 16. c5 Rxd1+ 17. Rxd1 {[%emt 0:00:30] [#]} Rb8 $146 ({Predecessor:} 17... Nd8 18. Nd6 Bxd6 19. Rxd6 Bc6 20. Bxc6 Nxc6 21. Bxf6 gxf6 22. Rd7 b6 23. cxb6 axb6 {½-½ (31) Novikov,I (2547)-Kaidanov,G (2548) Saint Louis 2022}) 18. Nd6 Rd8 19. h3 Bf8 20. Kh2 {[%emt 0:08:30] White is much more active.} Be7 21. e3 Kf8 22. Rd2 Rd7 23. f4 h6 24. e4 Rc7 25. e5 Nd7 26. Ba3 Ndb8 27. Rb2 f6 28. Re2 (28. exf6 $16 Bxf6 29. Re2) 28... fxe5 $14 29. fxe5 Bg6 30. Nd2 Nd7 31. Bxc6 (31. N2c4 $11) 31... Rxc6 $15 32. Nf3 Ra6 ({Resist} 32... Nxc5 33. Nd4 Nd3 34. Nxc6 (34. Nxe6+ Kg8 $17) 34... bxc6 35. Rc2 $16) 33. Re3 Bb1 34. Nxb7 Bxa2 35. Nd6 Bd5 36. Nd4 (36. Rc3 $17) 36... Nb8 ({Black should play} 36... Bg5 $19 37. Rc3 Nxe5) 37. N4b5 Bg5 {[%emt 0:01:05] A strong pair of Bishops.} 38. Rc3 Nc6 39. Nc7 Bd2 (39... Ra4 $15 40. Nxd5 exd5) 40. Rd3 $36 {[%emt 0:00:00][%mdl 2048] White is more active.} Nxe5 $2 (40... Ra5 $11 {and Black stays safe.}) 41. Nxa6 (41. Rxd2 $2 {loses.} Nf3+ 42. Kg2 Nxd2+ $19) (41. Rxd5 $18 Nf3+ 42. Kg2 Rxa3 43. Nxe6+ Ke7 44. Nxg7) 41... Nxd3 $16 42. c6 $1 Bxc6 {[%emt 0:04:30] [#] And now ...Kg8 would win.} 43. Nc4+ Kf7 44. Nxd2 Ne5 45. Bb2 Nd7 46. Bd4 Bb7 47. Nc7 e5 48. Bxa7 Bc6 49. Na6 Nf6 50. Nc5 g5 (50... e4 $142 51. Kg1 g5) 51. Nc4 $18 Bd5 52. Nxe5+ Kg7 53. Bb6 Ne8 54. Ba5 Nd6 55. Bc3 {[%emt 0:00:32] [#] Black must now prevent Nc4+.} Kh7 56. Ncd7 {[%emt 0:02:08] aiming for Nf6+.} Ba2 57. Bb4 Nf5 (57... Ne8 {was worth a try.} 58. h4 gxh4 59. gxh4 Kg8) 58. Bc5 {[%emt 0:00:23] White threatens g4 and mate.} Kg7 $2 (58... Kh8 $18 59. h4 Bb3 60. hxg5 hxg5) 59. g4 Nh4 60. Bf8+ {[%emt 0:00:26] Weighted Error Value: White=0.19 (very precise) /Black=0.41} 1-0

[Event "Turkish Championship 2022"]
[Site "Kemer-Antalya"]
[Date "2022.11.26"]
[Round "2.2"]
[White "Kilic, Eray"]
[Black "Yilmaz, Mustafa"]
[Result "0-1"]
[ECO "A37"]
[WhiteElo "2437"]
[BlackElo "2621"]
[Annotator "TA"]
[PlyCount "104"]
[EventDate "2022.11.25"]
[EventCountry "TUR"]
[SourceTitle "playchess.com"]
[Source "ChessBase"]
[SourceQuality "1"]
[TimeControl "40/5400+30:1800+30"]

1. Nf3 c5 2. g3 Nc6 3. Bg2 g6 4. O-O Bg7 5. c4 e6 6. Nc3 d6 7. d3 {[%emt 0:05:30] A37: Symmetrical English vs ...g6: 4 Bg2 Bg7 5 Nf3.} Nge7 8. a3 b6 {[%emt 0:07:30] has lost popularity (8...0-0).} 9. Bg5 {[%emt 0:07:30][%cal Of3e5] The position is equal.} Bb7 {[%emt 0:02:30] [#]} 10. d4 $146 ({Predecessor:} 10. Rb1 h6 11. Bd2 O-O 12. Qc1 Kh7 13. b4 Qd7 14. Nb5 Nf5 15. e3 Rfd8 16. Rd1 {1-0 (48) Montero Melendez,R (2381)-Sanchez Martinez,A (2096) Algeciras 2018}) 10... h6 11. Be3 Nf5 12. d5 Nxe3 13. fxe3 exd5 14. cxd5 {[%emt 0:05:30] [#]} (14. Qxd5 $15 O-O 15. Rac1) 14... Ne5 $1 $17 15. Qa4+ Qd7 16. Qxd7+ Nxd7 17. Nd2 Ke7 18. Bh3 (18. a4 $17 {keeps fighting.}) 18... Bxc3 $19 19. bxc3 {[%emt 0:00:30] [#] Bxd7 is the strong threat.} Bxd5 20. e4 Bc6 21. Bxd7 Bxd7 ({Don't take} 21... Kxd7 22. Rxf7+ Kd8 23. Raf1 $16) 22. a4 Be6 23. c4 Kd7 24. Ra3 Kc6 25. Rb1 Rab8 26. Rd3 Rhe8 27. Rd1 Rbd8 28. Re1 f5 29. exf5 gxf5 (29... Bxf5 30. e4) 30. Rc3 (30. Kf2 {was worth a try.}) 30... d5 31. cxd5+ Bxd5 32. Kf2 Bf7 33. Nf1 Re4 34. Ra1 Bh5 35. Rc2 f4 36. gxf4 Rxf4+ 37. Ke1 Bg6 38. Rc3 Rh4 {[%emt 0:02:10] Prevents Rh3.} 39. Raa3 Rdd4 40. Rf3 Rdf4 ({Stronger than} 40... Rxa4 41. Rf6+ Kb5 42. Rxa4 Kxa4 43. Rxg6 $11) 41. Rfe3 Be4 ({Inferior is} 41... Rxa4 42. Re6+ Kb5 43. Rxa4 Kxa4 44. Rxg6 $11) 42. Ng3 Bd5 43. a5 Rxh2 {[%emt 0:03:30] White must now prevent ...b5.} 44. Re7 Rf7 45. Re8 h5 46. axb6 axb6 47. Rc8+ Kb5 48. Rd3 $2 (48. Re3) 48... h4 {[%emt 0:03:00] Black is clearly winning.} 49. Nh5 Bc4 50. Re3 Rh1+ 51. Kd2 Rd7+ 52. Kc2 Ra7 {[%emt 0:00:07] White got outplayed after the opening.   Weighted Error Value: White=0.55/Black=0.07 (flawless)} 0-1

[Event "Turkish Championship 2022"]
[Site "Kemer-Antalya"]
[Date "2022.11.26"]
[Round "2.3"]
[White "Yilmazyerli, Mert"]
[Black "Gokbulut, Julia"]
[Result "1-0"]
[ECO "B14"]
[WhiteElo "2534"]
[BlackElo "1912"]
[Annotator "TA"]
[PlyCount "97"]
[EventDate "2022.11.25"]
[EventCountry "TUR"]
[SourceTitle "playchess.com"]
[Source "ChessBase"]
[SourceQuality "1"]
[TimeControl "40/5400+30:1800+30"]

1. e4 c6 2. d4 d5 3. exd5 cxd5 4. c4 e6 5. Nc3 Nf6 6. Nf3 Bb4 7. cxd5 Nxd5 8. Qc2 Nc6 9. Bd3 {[%emt 0:00:30] 9.a3 is not played anymore.} h6 10. O-O {[%emt 0:01:30] B14: Caro-Kann: Panov-Botvinnik Attack with 5...e6 and 5...g6.} Be7 11. Qe2 Nf6 {[%emt 0:02:30] [#]} 12. Bf4 $146 {[%emt 0:02:30] White is slightly better.} ({Predecessor:} 12. Be3 O-O 13. Rad1 b6 14. Ne5 Bb7 15. Bb1 Rc8 16. a3 Bd6 17. Qc2 Ne7 18. Qd3 Nf5 19. Rfe1 Ba8 20. Bf4 Qc7 {1-0 (39) Petrosyan,M (2553)-Shuvalova,P (2341) Riga 2021}) 12... O-O 13. Be5 Nb4 14. Bb1 Nbd5 15. Qd3 Nb4 16. Qe2 Nbd5 17. a3 (17. Qc2 $5 Nb4 18. Qd1 $14) 17... Bd7 18. Qd3 {[%emt 0:05:30] Strongly threatening Nxd5.} g6 19. Qd2 Kh7 ({Much less strong is} 19... Ng4 20. Nxd5 exd5 21. Bg3 $16) 20. Re1 Rc8 21. Qd3 Be8 22. h4 Nxc3 23. bxc3 Qa5 24. c4 Bc6 25. Ba2 (25. Bc2 $5 ) 25... Rfd8 ({Black should try} 25... Rcd8 $14) 26. Qe3 (26. d5 $1 $16) 26... Ng4 (26... Be8 $1 $14) 27. Qf4 $1 $16 f5 28. d5 exd5 {[%emt 0:02:00] [#]} (28... Be8 $14) 29. h5 $1 $18 Be8 30. cxd5 $40 {[%emt 0:03:30][%mdl 128] Black is in trouble.} Qb6 (30... Nxe5 $16 {might work better.} 31. Qxe5 Bd6) 31. Bd4 {[%emt 0:07:30] Really sharp!} Qd6 {[%emt 0:00:26] [#]} 32. Ne5 $2 (32. Qd2 $1 $18 {and the rest is easy. Re6 is the strong threat.} Bd7 33. hxg6+ (33. Bxa7 gxh5 34. Bd4 Re8 $16) 33... Kxg6 34. Ne5+ (34. Bxa7 Ra8 $16) 34... Nxe5 35. Bxe5) 32... Bg5 $16 33. Qf3 Nxe5 (33... Bf6 $1 $14 34. Qf4 (34. hxg6+ Bxg6 35. Qg3 Rc2 $14) 34... Bg5 35. hxg6+ Bxg6) 34. Bxe5 $18 Qd7 35. d6 Bf7 {[%emt 0:00:59] Inhibits Qd5.} 36. hxg6+ Kxg6 37. Bb1 Be6 38. Qg3 {[%emt 0:00:45] Threatens to win with f4.} Kf7 $2 (38... Rc5 39. f4 Rxe5 40. fxe5 Rg8) 39. f4 Bf6 40. Bxf6 Kxf6 41. Qh4+ Kg6 42. g4 {[%emt 0:01:30][%cal Oe1e6] White wants to mate with Rxe6+!} Rf8 43. Bxf5+ Rxf5 44. gxf5+ Bxf5 45. Qg3+ Bg4 46. Re7 Qf5 47. Re5 Qd7 48. Rae1 h5 49. Re6+ {[%emt 0:00:30] Weighted Error Value: White=0.19 (very precise) /Black=0.57} 1-0

[Event "Turkish Championship 2022"]
[Site "Kemer-Antalya"]
[Date "2022.11.26"]
[Round "2.4"]
[White "Koksal, Ege"]
[Black "Isik, Alparslan"]
[Result "1/2-1/2"]
[ECO "D37"]
[WhiteElo "2321"]
[BlackElo "2463"]
[Annotator "TA"]
[PlyCount "104"]
[EventDate "2022.11.25"]
[EventCountry "TUR"]
[SourceTitle "playchess.com"]
[Source "ChessBase"]
[SourceQuality "1"]
[TimeControl "40/5400+30:1800+30"]

1. d4 Nf6 2. c4 e6 3. Nf3 d5 4. Nc3 Be7 5. Bf4 O-O 6. e3 Nbd7 7. c5 c6 8. Bd3 b6 9. b4 {[%emt 0:00:30] D37: Queen's Gambit Declined: 5 Bf4.} a5 10. a3 Ba6 {[%emt 0:00:00] [#] Hoping for ...Bxd3.} 11. O-O Qc8 12. h3 Qb7 13. Qe2 {[%emt 0:10:30] 13.Rb1 is a critical line.} Bxd3 14. Qxd3 Ra7 15. Rfb1 Rfa8 16. cxb6 {[%emt 0:04:30] [#]} Qxb6 $146 ({Predecessor:} 16... Nxb6 17. b5 Rc8 18. Ne5 cxb5 19. Nxb5 Raa8 20. f3 Nfd7 21. Nxd7 Qxd7 22. Nc7 Rxc7 23. Rxb6 {0-1 (39) Dobner,A (1947)-Klapp,H (2123) GER email 2011}) 17. bxa5 (17. b5 {simplifies} a4 18. Qd1 Qb7 19. bxc6 Qxc6 20. Rc1) 17... Qxa5 18. a4 Ne8 19. Ne5 Nxe5 20. Bxe5 Nd6 21. Bxd6 Bxd6 22. Rb3 c5 {[%emt 0:05:00] [#] Strongly threatening ...c4.} 23. Rb5 {[%emt 0:04:35] Against c4} Qc7 24. dxc5 Be5 25. Ra3 h6 (25... Ra5 $5 ) 26. g3 Ra5 27. Rab3 Rxb5 28. Qxb5 (28. Rxb5 {simplifies} Bxc3 29. Qxc3 Rxa4 30. Qb2) 28... Rc8 {[%emt 0:00:08] Against c6} 29. Ne2 Qxc5 {[%emt 0:00:11] The position is equal.} 30. Qxc5 Rxc5 $11 {[%emt 0:00:01][%mdl 4096] Endgame KRB-KRN} 31. Ra3 Bc7 32. Rc3 Rxc3 33. Nxc3 {[%emt 0:00:00] KB-KN} Kf8 34. Kf1 Ba5 35. Nb5 Ke7 36. Nd4 {[%emt 0:00:22] Threatens to win with Nc6+.} Kd6 {[%emt 0:01:32] Against Nc6} 37. Nb3 Bb6 38. Ke2 e5 39. g4 g6 40. f3 f5 41. Nc1 e4 42. gxf5 gxf5 43. Nb3 Ba7 44. Nd2 Bb6 45. Nf1 Ke5 46. f4+ Kf6 47. Ng3 Ke6 48. Nf1 Bc7 49. Nd2 {[%emt 0:00:38] Against d4} Bb6 50. Nb3 Kd6 51. Kd2 Ba7 52. Ke2 Bb6 {[%emt 0:00:00] Weighted Error Value: White=0.04 (flawless) /Black=0.03 (flawless)} 1/2-1/2